 Dungeon Crawl Stone Soup version 0.30-a0-930-gb9d0489357 (webtiles) character file.

Game seed: 17735151804165640954

23411 BlueFish the Covert (level 13, -6/86 HPs)
             Began as an Octopode Warper on Mar 23, 2023.
             Was an Elder of Cheibriados.
             Mangled by an anaconda simulacrum (22 damage)
             ... in an ice cave.
             The game lasted 00:45:48 (16733 turns).

BlueFish the Covert (Octopode Warper)              Turns: 16733, Time: 00:45:48

Health: -6/86      AC:  5    Str: 34    XL:     13   Next: 6%
Magic:  21/22      EV: 18    Int: 32    God:    Cheibriados [****..]
Gold:   889        SH:  0    Dex: 22    Spells: 3/24 levels left

rFire   . . .      SeeInvis +      - Unarmed
rCold   . . .      Faith    .    (no shield)
rNeg    . . .      Spirit   .    G - melded +2 hat
rPois   +          Reflect  .    j - amulet of magic regeneration
rElec   .          Rampage  .    g - +6 ring of strength
rCorr   .                        q - ring of poison resistance
Will    +....                    w - ring of see invisible
Stlth   ++++++                   c - ring of willpower
HPRegen 0.34/turn                l - ring of Vapuidou {Wiz Str+4}
MPRegen 0.58/turn                z - +4 ring of protection
                                 L - ring of flight
                                 N - +6 ring of intelligence

@: appendages, flying, very slow
A: tentacle spike 3, almost no armour, amphibious, 8 rings, camouflage 1,
gelatinous body 1, (nimble swimmer 1), tentacles
a: End Transformation, Renounce Religion, Bend Time, Temporal Distortion, Slouch


You were in an ice cave.
You worshipped Cheibriados.
Cheibriados was greatly pleased with you.
One of your tentacles had grown a beastly spike.
You visited 3 branches of the dungeon, and saw 14 of its levels.
You also visited: Ice Cave.

You collected 1037 gold pieces.
You spent 148 gold pieces at shops.

Inventory:

Missiles
 b - 7 boomerangs of dispersal
 i - 8 boomerangs
 m - 14 javelins
 r - 7 stones (quivered)
 v - 14 poisoned darts
 A - 9 silver javelins
 H - 4 atropa-tipped darts
Armour
 G - a +2 hat (melded)
Jewellery
 c - a ring of willpower (on tentacle)
 g - a +6 ring of strength (left tentacle)
 j - an amulet of magic regeneration (around mantle)
 l - the ring of Vapuidou (on tentacle) {Wiz Str+4}
   (You acquired it on level 7 of the Dungeon)

   [ring of wizardry]

   It improves your spell success rate.
   Str:       It affects your strength (+4).
 q - a ring of poison resistance (right tentacle)
 w - a ring of see invisible (on tentacle)
 z - a +4 ring of protection (on tentacle)
 L - a ring of flight (on tentacle)
 N - a +6 ring of intelligence (on tentacle)
 P - a +6 ring of intelligence
Wands
 k - a wand of light (5)
 p - a wand of polymorph (16)
 y - a wand of flame (27)
 C - a wand of digging (14)
 E - a wand of roots (12)
 M - a wand of charming (7)
Scrolls
 a - a scroll of blinking
 e - 5 scrolls of noise
 h - 3 scrolls of poison
 n - 2 scrolls of fog
 s - a scroll of magic mapping {unknown}
 u - a scroll of torment {unknown}
 I - a scroll of butterflies {unknown}
 J - a scroll of enchant weapon {unknown}
 O - a scroll of amnesia {unknown}
 Q - a scroll of brand weapon {unknown}
 R - a scroll of vulnerability {unknown}
Potions
 d - 8 potions of flight
 f - 2 potions of cancellation
 o - 2 potions of mutation
 t - 4 potions of curing
 x - 3 potions of brilliance
 B - 2 potions of magic
 D - 2 potions of might
 F - 2 potions of ambrosia
 T - a potion of invisibility
 U - a potion of haste {unknown}


   Skills:
 + Level 7.0 Fighting
 + Level 6.6 Throwing
 + Level 7.0 Dodging
 + Level 11.3 Stealth
 + Level 6.9 Unarmed Combat
 + Level 6.4 Spellcasting
 - Level 2.2 Hexes
 + Level 7.2 Translocations
 - Level 1.8 Transmutations
 - Level 1.8 Ice Magic
 - Level 1.8 Air Magic
 + Level 7.1 Invocations
 + Level 7.4 Evocations


You had 3 spell levels left.
You knew the following spells:

 Your Spells              Type           Power      Damage    Failure   Level
a - Blink                 Tloc           100%       N/A       1%          2
b - Teleport Other        Tloc           54%        N/A       1%          3
c - Lesser Beckoning      Tloc           100%       N/A       1%          2
d - Beastly Appendage     Tmut           42%        N/A       1%          1
e - Vhi's Electric Charg  Tloc/Air       78%        N/A       1%          3
f - Manifold Assault      Tloc           54%        N/A       1%          4
g - Passage of Golubria   Tloc           54%        N/A       1%          4
h - Ensorcelled Hibernat  Hex/Ice        46%        N/A       1%          2

Your spell library contained the following spells:

 Spells                   Type           Power      Damage    Failure   Level
 Freeze                   Ice            84%        1d9       1%          1
 Kiss of Death            Conj/Necr      40%        2d8       1%          1
 Passwall                 Tmut/Erth      13%        N/A       1%          2
 Wereblood                Tmut           21%        N/A       1%          2
 Confusing Touch          Hex            24%        N/A       2%          3
 Frozen Ramparts          Ice            42%        1d7       2%          3
 Swiftness                Air            21%        N/A       2%          3
 Tukima's Dance           Hex            24%        N/A       2%          3
 Hailstorm                Conj/Ice       16%        3d6       3%          3
 Spider Form              Tmut/Pois      16%        N/A       3%          3
 Ignite Poison            Fire/Tmut/Pois 14%        N/A       4%          3
 Dispel Undead            Necr           10%        3d9       17%         4
 Sticky Flame             Conj/Fire      10%        2d3       17%         4
 Yara's Violent Unravell  Hex/Tmut       11%        3d6       21%         5
 Ignition                 Fire           5%         3d4       100%        8


Dungeon Overview and Level Annotations

Branches:
Dungeon (11/15)            Temple (1/1) D:6            Lair (2/5) D:10
    Orc (0/2) D:11          IceCv (1/1)
  Swamp: Lair:2-3    Shoals: Lair:2-3     Snake: Lair:2-3    Spider: Lair:2-3

Altars:
Ashenzari
Cheibriados
Dithmenos
Elyvilon
Fedhas
Gozag
Hepliaklqana
Kikubaaqudgha
Makhleb
Nemelex Xobeh
Okawaru
Qazlal
Ru
Sif Muna
Trog
Uskayaw
Vehumet
Wu Jian
Xom
Yredelemnul
Zin
The Shining One

Shops:
D:5 :(   D:7 ?   D:8 =

Annotations:
D:11 2 transporters, roninjake's ghost, journeyman MiFi IceCv exclusion: 2 ice statues


Innate Abilities, Weirdness & Mutations

One of your tentacles has grown a beastly spike.
You cannot wear most types of armour.
You are amphibious.
You can wear up to eight rings at the same time.
Your skin changes colour to match your surroundings (Stealth+).
Your rubbery body absorbs attacks. (AC +1, EV +1)
((You are camouflaged when in or above water. (Stealth+)))
You have tentacles for arms and can constrict up to eight enemies at once.


Message History

You tentacle-slap the anaconda simulacrum.
You pierce the anaconda simulacrum.
The anaconda simulacrum is heavily damaged.
The anaconda simulacrum bites you! The anaconda simulacrum freezes you!
* * * LOW HITPOINT WARNING * * *
The anaconda simulacrum constricts you.
* * * LOW HITPOINT WARNING * * *
Casting: Beastly Appendage (safe; 1% risk of failure)
Confirm with . or Enter, or press ? or * to list all spells.
You escape the anaconda simulacrum's grasp.
You blink.
Throw: 8 boomerangs
Press: ? - help, Shift-Dir - straight line, f - you
Okay, then.
Throw: 12 javelins (silver)
Press: ? - help, Shift-Dir - straight line, f - anaconda simulacrum
Aim: an anaconda simulacrum (heavily damaged, 66% to hit)
You throw a silver javelin.
The silver javelin pierces through the anaconda simulacrum!
The anaconda simulacrum is almost destroyed.
Casting: Blink (safe; 1% risk of failure)
Confirm with . or Enter, or press ? or * to list all spells.
You blink.
Throw: 11 javelins (silver)
Press: ? - help, Shift-Dir - straight line, f/p - anaconda simulacrum
Aim: an anaconda simulacrum (almost destroyed, 66% to hit)
You throw a silver javelin.
The silver javelin closely misses the anaconda simulacrum.
Casting: Blink (safe; 1% risk of failure)
Confirm with . or Enter, or press ? or * to list all spells.
You blink.
Throw: 10 javelins (silver)
Press: ? - help, Shift-Dir - straight line, f/p - anaconda simulacrum
Aim: an anaconda simulacrum (almost destroyed, 66% to hit)
You throw a silver javelin.
The silver javelin barely misses the anaconda simulacrum.
The anaconda simulacrum misses you. The anaconda simulacrum bites you!
* * * LOW HITPOINT WARNING * * *
The anaconda simulacrum freezes you!!
You die...

####+######+#
+.......'.#.#
#.8...8.###.#
+.....(.'.#.#
###.8...8.###.#
+...........'.#
#.8...8.###.#
+.(...Z('§#.#
#.8..@8.###.#
+.......+ .#
#+#...#+# +#
#...# #...#
#...# ## #...#
## #⌠ ##+## ⌠#
# #4W#...#44# #


You could see an anaconda simulacrum.

Vanquished Creatures
  A two-headed ogre (D:8)
  Pikel (D:5)
  2 cyclopes
  2 cane toads (Lair:2)
  A rime drake (Lair:1)
  An unseen horror (D:10)
  A kobold demonologist (D:9)
  2 komodo dragons (Lair:1)
  2 ice devils (Lair:2)
  A troll (D:10)
  2 hornets
  Prince Ribbit (D:5)
  5 slime creatures
  Sigmund (D:4)
  A shadow (D:10)
  17 yaks
  A wyvern (D:8)
  Eustachio (D:5)
  Menkaure (D:4)
  A harpy simulacrum (IceCv)
  3 acid dragons
  A hydra simulacrum (IceCv)
  7 water moccasins
  3 black bears
  3 orc warriors
  2 sky beasts (D:7)
  2 ice beasts (D:7)
  2 ogres
  3 centaurs
  2 kobold brigands (D:9)
  Blork the orc (D:5)
  6 bullfrogs
  3 scorpions
  A cane toad simulacrum (IceCv)
  A two-headed ogre simulacrum (IceCv)
  10 killer bees
  4 electric eels (D:8)
  5 howler monkeys
  Crazy Yiuf (D:6)
  5 hounds
  4 orc priests
  A gnoll bouda (D:4)
  5 iguanas
  6 orc wizards
  A polar bear simulacrum (IceCv)
  Natasha (thrice) (D:3 D:2)
  A troll simulacrum (IceCv)
  7 gnolls
  12 adders
  A naga simulacrum (IceCv)
  A shadow imp (D:7)
  A white imp (D:6)
  2 ufetubi
  2 worms
  36 orcs
  4 endoplasms
  4 giant cockroaches
  10 goblins
  3 hobgoblins
  9 jackals
  11 kobolds
  4 quokkas
  8 ball pythons
  5 bats
  4 frilled lizards
  4 rats
259 creatures vanquished.

Vanquished Creatures (others)
  50 fungi
  65 plants
115 creatures vanquished.

Grand Total: 374 creatures vanquished

Notes
Turn   | Place    | Note
-------+----------+-------------------------------------------
     0 | D:1      | BlueFish the Octopode Warper began the quest for the Orb.
     0 | D:1      | Reached XP level 1. HP: 14/14 MP: 3/3
   329 | D:1      | Reached skill level 1 in Stealth
   329 | D:1      | Reached XP level 2. HP: 19/19 MP: 5/5
   557 | D:1      | Learned a level 2 spell: Blink
   819 | D:2      | Found a faded altar of an unknown god.
   860 | D:2      | Reached XP level 3. HP: 17/24 MP: 6/6
   906 | D:2      | Found a glowing golden altar of the Shining One.
  1240 | D:2      | Reached skill level 2 in Stealth
  1297 | D:2      | Learned a level 3 spell: Teleport Other
  1552 | D:2      | Reached XP level 4. HP: 30/30 MP: 7/7
  1569 | D:2      | Learned a level 2 spell: Lesser Beckoning
  1894 | D:3      | Reached skill level 3 in Stealth
  1894 | D:3      | Reached XP level 5. HP: 28/35 MP: 8/8
  2050 | D:3      | Found a large runed translucent door.
  2050 | D:3      | Found a large runed translucent door.
  2203 | D:3      | Noticed Natasha
  2212 | D:3      | Killed Natasha
  2237 | D:3      | Noticed Natasha
  2247 | D:3      | Killed Natasha
  2383 | D:3      | Noticed Natasha
  2394 | D:2      | Killed Natasha
  2395 | D:2      | Reached skill level 4 in Stealth
  2511 | D:3      | Reached XP level 6. HP: 37/41 MP: 8/10
  2726 | D:3      | Found a shadowy altar of Dithmenos.
  2736 | D:3      | Found an iron altar of Okawaru.
  2971 | D:4      | Reached XP level 7. HP: 32/46 MP: 11/11
  3079 | D:4      | Noticed Menkaure
  3085 | D:4      | Killed Menkaure
  3086 | D:4      | Reached skill level 5 in Stealth
  3545 | D:4      | Noticed Sigmund
  3553 | D:4      | Killed Sigmund
  3554 | D:4      | Reached skill level 6 in Stealth
  3554 | D:4      | Reached XP level 8. HP: 29/53 MP: 11/13
  4790 | D:5      | Entered Level 5 of the Dungeon
  4905 | D:5      | Found Ycadghont's Weapon Shop.
  5080 | D:5      | Noticed Eustachio
  5100 | D:5      | Killed Eustachio
  5101 | D:5      | Reached skill level 7 in Stealth
  5102 | D:5      | Noticed Blork the orc
  5310 | D:5      | Found Hezoplok's Vocational Training.
  5347 | D:5      | Noticed Prince Ribbit
  5423 | D:5      | Killed Blork the orc
  5655 | D:5      | Killed Prince Ribbit
  5842 | D:6      | Reached XP level 9. HP: 58/59 MP: 13/15
  5860 | D:6      | Noticed Pikel
  5877 | D:5      | Killed Pikel
  5878 | D:5      | Reached skill level 8 in Stealth
  5878 | D:5      | Reached skill level 5 in Translocations
  6084 | D:6      | Found a staircase to the Ecumenical Temple.
  6105 | D:6      | Found Enuss's Book Boutique.
  6122 | Temple   | Entered the Ecumenical Temple
  6184 | Temple   | Became a worshipper of Cheibriados the Contemplative
  6406 | D:6      | Found a runed translucent door.
  6407 | D:6      | Noticed Crazy Yiuf
  6533 | D:6      | Found a glowing silver altar of Zin.
  6559 | D:6      | Found a blossoming altar of Fedhas.
  6664 | D:6      | HP: 2/59 [centaur/arrow (12)]
  6672 | D:6      | Reached skill level 1 in Invocations
  6672 | D:6      | Reached skill level 1 in Evocations
  7008 | D:6      | Killed Crazy Yiuf
  7086 | D:7      | Reached skill level 5 in Dodging
  7104 | D:7      | Reached * piety under Cheibriados
  7265 | D:7      | Found Vahizass's Magic Scroll Emporium.
  7285 | D:7      | Bought a scroll of teleportation for 33 gold pieces
  7285 | D:7      | Bought a scroll of teleportation for 33 gold pieces
  7285 | D:7      | Bought a scroll of blinking for 82 gold pieces
  7645 | D:7      | Reached skill level 9 in Stealth
  7760 | D:7      | Found a stormy altar of Qazlal.
  7784 | D:7      | Identified 2 scrolls of acquirement
  7784 | D:7      | Acquired the ring of Vapuidou {Wiz Str+4}
  7786 | D:7      | Acquired a +2 hat
  7807 | D:7      | Reached skill level 5 in Fighting
  7994 | D:7      | Learned a level 1 spell: Beastly Appendage
  7998 | D:7      | Learned a level 3 spell: Vhi's Electric Charge
  8003 | D:7      | Learned a level 4 spell: Manifold Assault
  8082 | D:7      | Reached skill level 5 in Unarmed Combat
  8096 | D:7      | Reached XP level 10. HP: 49/66 MP: 15/17
  8409 | D:7      | HP: 3/66 [slime creature (5)]
  9385 | D:7      | Reached skill level 5 in Throwing
  9666 | D:7      | Reached ** piety under Cheibriados
  9667 | D:7      | Reached skill level 5 in Spellcasting
  9672 | D:7      | Learned a level 4 spell: Passage of Golubria
 10738 | D:8      | Found Heucehim's Jewellery Shoppe.
 10743 | D:8      | Noticed a two-headed ogre
 10765 | D:8      | Killed a two-headed ogre
 11184 | D:8      | Reached XP level 11. HP: 13/72 MP: 16/18
 11417 | D:8      | Reached skill level 5 in Invocations
 11417 | D:8      | Reached skill level 5 in Evocations
 11769 | D:9      | Noticed a cyclops
 11847 | D:9      | Killed a cyclops
 11848 | D:9      | Reached skill level 10 in Stealth
 12282 | D:9      | Paralysed by a hornet for 2 turns
 12885 | D:10     | Entered Level 10 of the Dungeon
 12924 | D:10     | Found a shimmering altar of Xom.
 13184 | D:10     | Reached *** piety under Cheibriados
 13549 | D:10     | Found a staircase to the Lair.
 13942 | D:10     | Learned a level 2 spell: Ensorcelled Hibernation
 14427 | D:11     | Noticed a cyclops
 14441 | D:11     | Killed a cyclops
 14441 | D:11     | Reached **** piety under Cheibriados
 14712 | D:11     | Noticed a skeletal warrior
 14720 | D:11     | Noticed a skeletal warrior
 14790 | D:11     | Found a staircase to the Orcish Mines.
 14951 | D:11     | Noticed roninjake's ghost (journeyman MiFi)
 14952 | D:11     | Noticed a two-headed ogre
 14953 | D:11     | Found a transporter.
 14953 | D:11     | Noticed a two-headed ogre
 14955 | D:11     | Found a transporter.
 14958 | D:11     | Noticed a two-headed ogre
 14960 | D:11     | Noticed a two-headed ogre
 14964 | D:11     | Noticed a two-headed ogre
 15064 | D:11     | Noticed a skeletal warrior
 15171 | Lair:1   | Entered Level 1 of the Lair of Beasts
 15588 | Lair:1   | Reached skill level 11 in Stealth
 15588 | Lair:1   | Reached skill level 1 in Transmutations
 15588 | Lair:1   | Reached skill level 1 in Ice Magic
 15588 | Lair:1   | Reached skill level 1 in Air Magic
 15588 | Lair:1   | Reached XP level 12. HP: 80/80 MP: 19/21
 15963 | Lair:2   | Reached XP level 13. HP: 85/85 MP: 22/22
 15976 | Lair:2   | Found a frozen archway.
 16123 | IceCv    | Entered an ice cave
 16733 | IceCv    | Mangled by an anaconda simulacrum

Illustrated notes

Levels and vault maps discovered:
D:1:      nzn_arrival_crosshair, layout_basic
D:2:      layout_loops_corners, serial_bayou, serial_bayou_pond_e,
          serial_bayou_pond_c, serial_bayou_shore_b, serial_bayou_crossing,
          serial_bayou_lagoon_a, basic_altar,
          dreamdust_ecumenical_altar_sealed_demon, minmay_misc_feat_more_columns
D:3:      layout_basic, jmf_multi_god_temple2, minmay_ruptured, uniq_natasha
D:4:      minmay_door_path, layout_basic, minmay_circle_x, uniq_menkaure,
          uniq_sigmund
D:5:      minmay_spotlight, layout_rooms, serial_shops,
          nicolae_shop_bloodbath_and_beyond, nicolae_shop_vocational,
          uniq_blork_the_orc, uniq_prince_ribbit1, uniq_eustachio
D:6:      black_bear_nest_1, layout_rooms, mainiacjoe_overflow_two_lobes,
          minmay_temple_entry_glassed_door, serial_shops,
          nicolae_shop_advertising_works [nicolae_subvault_shop_adworks],
          uniq_crazy_yiuf_cottage, uniq_pikel
D:7:      layout_cave_pods, nicolae_qazlal_general_emergency, serial_shops,
          shop, kennysheep_big_empty_room, grunt_potential
D:8:      layout_basic, minmay_shop_grid_forest, serial_bayou_lake_a
D:9:      layout_basic, minmay_misc_feat_roman
D:10:     layout_basic, amcnicky_altar_gilded, due_lair_maze_entry_diamond
D:11:     layout_loops_ring, orc_david_3, gammafunk_ghost_smash,
          evilmike_butchery
Temple:   eino_temple_scatter_basement
Lair:1:   layout_misc_corridors
Lair:2:   layout_cave_pods, swamp_mist_pool, portal_ice_cave_demonic_guard, pond
IceCv:    ice_cave_tombish

Skill      XL: |  1  2  3  4  5  6  7  8  9 10 11 12 13 |
---------------+----------------------------------------+-----
Stealth        | 1 2 3 4 6 7 9 11 | 11.3
Dodging        | 3 4 5 6 7 |  7.0
Throwing       | 2 3 4 5 6 |  6.6
Fighting       | 3 4 5 6 7 |  7.0
Unarmed Combat | 3 4 5 6 |  6.9
Spellcasting   | 3 4 5 6 |  6.4
Translocations | 4 5 6 7 |  7.2
Invocations    | 2 4 6 7 |  7.1
Evocations     | 2 4 7 |  7.4
Hexes          | 2 |  2.2
Transmutations | 1 |  1.8
Ice Magic      | 1 |  1.8
Air Magic      | 1 |  1.8

Action                     |  1- 3 |  4- 6 |  7- 9 | 10-12 | 13-15 || total
---------------------------+-------+-------+-------+-------+-------++-------
  Melee: Unarmed           |    65 |    90 |   243 |   329 |    31 ||   758
         Constrict         |    19 |    22 |    55 |    41 |     1 ||   138
         Tentacles         |    11 |    20 |    71 |    94 |     8 ||   204
         Punch             |     1 |       |    13 |    13 |     5 ||    32
         Kick              |       |       |     5 |    81 |    18 ||   104
  Throw: Dart              |       |     5 |    15 |    36 |       ||    56
         Stone             |       |     4 |    44 |    84 |     7 ||   139
         Boomerang         |       |     1 |    10 |    17 |     5 ||    33
         Javelin           |       |     7 |       |       |     3 ||    10
   Cast: Teleport Other    |       |       |     7 |    14 |       ||    21
         Blink             |       |       |     3 |    10 |     4 ||    17
         Lesser Beckoning  |       |       |     7 |     5 |       ||    12
         Beastly Appendage |       |       |     2 |    36 |    11 ||    49
         Passage of Golubr |       |       |       |     3 |       ||     3
         Ensorcelled Hiber |       |       |       |     3 |       ||     3
 Invoke: Bend Time         |       |       |       |     1 |     1 ||     2
  Evoke: Wand              |       |       |       |       |     4 ||     4
    Use: Scroll            |       |     2 |     8 |    12 |     2 ||    24
         Potion            |       |       |     2 |     4 |       ||     6
   Stab: Sleeping          |     6 |     7 |    17 |     8 |     4 ||    42
         Distracted        |       |       |     1 |       |       ||     1
         Invisible         |       |       |       |     2 |       ||     2
 Armour: Skin              |     4 |     5 |     6 |    18 |     4 ||    37
  Dodge: Dodged            |    39 |    36 |   148 |   176 |    19 ||   418

Table legend: (Time is in decaauts)
 A = Elapsed time spent in this place.
 B = Non-inter-level travel time spent in this place.
 C = Inter-level travel time spent in this place.
 D = Time resting spent in this place.
 E = Time spent auto-exploring this place.
 F = Levels seen in this place.
 G = Mean time per level.
                   A        B        C        D        E       F      G
               +--------+--------+--------+--------+--------+-----+--------+
         Total |  19295 |  18258 |   1037 |   1063 |  14068 |  15 | 1286.3 |
       Dungeon |  17040 |  16075 |    965 |    468 |  13034 |  11 | 1549.1 |
        Temple |    225 |    203 |     22 |      0 |    180 |   1 |  225.0 |
          Lair |   1365 |   1317 |     48 |    124 |    854 |   2 |  682.5 |
      Ice Cave |    663 |    663 |      0 |    471 |      0 |   1 |  663.0 |
               +--------+--------+--------+--------+--------+-----+--------+

Top non-repeatable levels by time:
     D:7: 2821 daAuts
    D:10: 2053 daAuts
     D:8: 1995 daAuts
     D:4: 1712 daAuts
     D:9: 1692 daAuts
     D:6: 1689 daAuts
     D:2: 1231 daAuts
     D:5: 1049 daAuts
  Lair:1: 1012 daAuts
     D:3: 1003 daAuts
    D:11: 947 daAuts
     D:1: 844 daAuts
   IceCv: 663 daAuts
  Lair:2: 353 daAuts
  Temple: 225 daAuts
